 Dungeon Crawl Stone Soup version 0.20-a0-858-g654850e (webtiles) character file.

246790 Bleys the Imperceptible (level 19, -1/102 HPs)
             Began as a Spriggan Enchanter on Mar 11, 2017.
             Was the Champion of Dithmenos.
             Slain by a kraken simulacrum (42 damage)
             ... on level 4 of the Shoals on Mar 12, 2017.
             The game lasted 03:46:13 (64761 turns).

Bleys the Imperceptible (Spriggan Enchanter)       Turns: 64761, Time: 03:46:14

Health: -1/102     AC: 12    Str: 18    XL:     19   Next: 21%
Magic:  38/49      EV: 38    Int: 18    God:    Dithmenos [******]
Gold:   864        SH:  0    Dex: 25    Spells: 28/50 levels left

rFire    + . .     SeeInvis +   G - +3 rapier (drain)
rCold    . . .     Gourm    .   g - +2 robe {MR+}
rNeg     . . .     Faith    .   (shield restricted)
rPois    +         Spirit   .   Q - +2 hat {SInv}
rElec    +         Reflect  .   L - +4 cloak of the Ancient Suns {Str+4 Dex+2}
rCorr    .         Harm     .   (gloves unavailable)
MR       +++++                  (boots unavailable)
Stlth    +++++++++.             Z - amulet "Womot" {*Drain +Rage +Inv rElec rPois}
Regen    0.3/turn               l - ring of protection from magic
MPRegen  0.4/turn               N - ring "Uwosuit" {rF+ MR- MP+9 Str+10}

@: wreathed by umbra, slow
A: unfitting armour, see invisible, herbivore 3, speed 3, magic resistance 1,
shaggy fur 1, slow metabolism 2
}: 1/15 runes: gossamer
a: Shadow Step, Shadow Form, Renounce Religion, Evoke Berserk Rage, Evoke
Invisibility


You were on level 4 of the Shoals.
You worshipped Dithmenos.
Dithmenos was exalted by your worship.
You were not hungry.

You visited 7 branches of the dungeon, and saw 34 of its levels.
You also visited: Bailey and Volcano.

You collected 3655 gold pieces.
You spent 2791 gold pieces at shops.

Inventory:

Hand Weapons
 a - a +5 dagger of draining
 j - the +8 autumn katana {slice, Clar}
   (You bought it in a shop on level 2 of the Orcish Mines)

   It inflicts extra damage upon your enemies.
   It protects you against confusion.
 G - a +3 rapier of draining (weapon)
 H - a +3 shortbow of freezing
 O - a +3 rapier of piercing
Missiles
 i - 1312 arrows
 x - 5 throwing nets (quivered)
Armour
 c - a +2 robe of cold resistance
 g - a +2 robe of magic resistance (worn)
 v - a +2 robe of fire resistance
 L - the +4 cloak of the Ancient Suns (worn) {Str+4 Dex+2}
   (You found it on level 11 of the Dungeon)

   It affects your strength (+4).
   It affects your dexterity (+2).
 Q - a +2 hat of see invisible (worn)
Jewellery
 l - a ring of protection from magic (right hand)
 J - the ring "Diac" {rCorr rPois rC- Int+8}
   (You acquired it on level 10 of the Dungeon)

   [ring of resist corrosion]

   It affects your intelligence (+8).
   It makes you vulnerable to cold.
   It protects you from poison.
 N - the ring "Uwosuit" (left hand) {rF+ MR- MP+9 Str+10}
   (You bought it in a shop on level 5 of the Dungeon)

   [ring of magical power]

   It affects your strength (+10).
   It protects you from fire.
   It affects your resistance to hostile enchantments.
   It affects your magic capacity (+9).
 P - a +3 ring of protection
 Y - a +5 amulet of reflection
 Z - the amulet "Womot" (around neck) {*Drain +Rage +Inv rElec rPois}
   (You bought it in a shop on level 5 of the Dungeon)

   [amulet of rage]

   It insulates you from electricity.
   It protects you from poison.
   It lets you turn invisible.
   It lets you go berserk.
   It causes draining when unequipped.
Wands
 q - a wand of confusion (28/48)
 u - a wand of digging (7/24)
 z - a wand of iceblast (11/15)
 D - a wand of disintegration (11/24)
 E - a wand of acid (3/15)
 S - a wand of acid (7/15)
 V - a wand of digging (15/24)
 X - a wand of polymorph (14/24)
Scrolls
 f - 11 scrolls of remove curse
 h - 5 scrolls of blinking
 k - 6 scrolls of teleportation
 m - a scroll of silence
 n - 4 scrolls of fear
 t - 5 scrolls of fog
 B - 3 scrolls of identify
 F - 4 scrolls of recharging
 W - a scroll of enchant armour
Potions
 b - a potion of mutation
 e - 5 potions of flight
 o - 3 potions of brilliance
 r - 2 potions of haste
 s - 3 potions of might
 A - 2 potions of curing
 I - 3 potions of resistance
 M - a potion of lignification
 T - a potion of berserk rage
 U - 4 potions of agility
Books
 p - a book of Death

   Spells                             Type                      Level
   a - Corpse Rot                     Necromancy                   2
   b - Sublimation of Blood           Necromancy                   2
   c - Agony                          Necromancy                   5
   d - Dispel Undead                  Necromancy                   5
   e - Excruciating Wounds            Charms/Necromancy            5
   f - Bolt of Draining               Conjuration/Necromancy       5
 y - a book of Spatial Translocations

   Spells                             Type                      Level
   a - Blink                          Translocation                2
   b - Shroud of Golubria             Charms/Translocation         2
   c - Lesser Beckoning               Translocation                3
   d - Gell's Gravitas                Translocation                3
   e - Teleport Other                 Translocation                3
   f - Passage of Golubria            Translocation                4
 R - the Grimoire of Boosting Envenoming
   (You found it on level 4 of the Shoals)

   Spells                             Type                      Level
   a - Sting                          Conjuration/Poison           1
   b - Swiftness                      Charms/Air                   2
   c - Poisonous Vapours              Poison/Air                   2
   d - Spectral Weapon                Hexes/Charms                 3
   e - Venom Bolt                     Conjuration/Poison           5
   f - Deflect Missiles               Charms/Air                   6
Miscellaneous
 C - a phantom mirror
Comestibles
 d - 11 bread rations
 K - 10 royal jellies


   Skills:
 + Level 12.0 Fighting
 - Level 8.0(9.8) Short Blades
 + Level 6.7(7.8) Long Blades
 - Level 7.0 Bows
 + Level 18.5 Dodging
 + Level 23.0 Stealth
 + Level 16.3 Spellcasting
 + Level 16.8 Hexes
 - Level 5.0 Invocations
 - Level 10.0 Evocations


You had 28 spell levels left.
You knew the following spells:

 Your Spells              Type           Power        Failure   Level  Hunger
a - Ensorcelled Hibernat  Hex/Ice        #####.       1%          2    None
b - Corona                Hex            ######.      0%          1    None
c - Confuse               Hex            ######..     0%          3    None
d - Tukima's Dance        Hex            ######..     0%          3    None
e - Dazzling Spray        Conj/Hex       #####.       1%          3    None
f - Apportation           Tloc           ##....       4%          1    None
g - Passage of Golubria   Tloc           N/A          41%         4    None
h - Shroud of Golubria    Chrm/Tloc      ##........   8%          2    None
i - Spectral Weapon       Hex/Chrm       #####...     1%          3    None


Dungeon Overview and Level Annotations

Branches:
Dungeon (15/15)            Temple (1/1) D:6            Lair (6/6) D:8
 Shoals (4/4) Lair:3       Spider (4/4) Lair:2        Slime (0/5) Lair:6
    Orc (2/2) D:9             Elf (0/3) Orc:2        Vaults (0/5) D:13
 Depths (2/5) D:15

Altars:
Ashenzari
Cheibriados
Dithmenos
Elyvilon
Fedhas
Gozag
Hepliaklqana
Kikubaaqudgha
Makhleb
Nemelex Xobeh
Okawaru
Qazlal
Ru
Sif Muna
Trog
Uskayaw
Vehumet
Wu Jian
Xom
Yredelemnul
Zin
The Shining One
Beogh
Jiyva

Shops:
D:5 =   D:7 %   D:8 =   Orc:2 [=(*

Portals:
Hell: Depths:1
Abyss: Depths:1
Pandemonium: Depths:1

Annotations:
Depths:1 Asterion


Innate Abilities, Weirdness & Mutations

You are very small and have problems with some larger weapons.
You are too small for most types of armour.
You have supernaturally acute eyesight. (SInv)
You are a herbivore.
You cover ground extremely quickly.
You need consume almost no food.
You are resistant to hostile enchantments. (MR+)
You are covered in fur. (AC +1)


Message History

Found a barnacled rune of Zot.
You hit the kraken simulacrum but do no damage.
Your shadow hits the kraken simulacrum but does no damage.
You hit the kraken simulacrum but do no damage.
Your shadow hits the kraken simulacrum but does no damage.
The kraken simulacrum completely misses you.
You hit the kraken simulacrum but do no damage.
Your shadow hits the kraken simulacrum but does no damage.
Your unstable footing causes you to fumble your attack.
The kraken simulacrum bites you.
You emit a cloud of dark smoke.
The kraken simulacrum freezes you!!
You emit a cloud of dark smoke.
You strike the helpless kraken simulacrum from behind!
You skewer the kraken simulacrum like a kebab!!!
The kraken simulacrum is severely damaged.
Your shadow hits the kraken simulacrum but does no damage.
You hit the kraken simulacrum but do no damage.
The kraken simulacrum is severely damaged.
The kraken simulacrum bites you!!
You emit a cloud of dark smoke.
The kraken simulacrum freezes you!!!
You die...

≈.........≈≈≈≈≈#≈##≈≈≈≈≈≈≈≈
..........≈≈#######...≈≈≈≈≈
..........###≈≈≈#≈##≈.≈≈≈≈
.#........##.≈≈≈≈≈≈#≈.≈≈≈≈≈.
##.........##.#≈#≈≈ .≈≈≈≈≈.
#........###≈.φ≈≈# .....≈.
##........≈#.≈#§#§## .......
..........##..§Z§§§# .......
..........≈## #@§≈##.......
≈........≈≈.#######)........
≈.≈[......≈.#≈####.)).......
≈≈≈......≈.[....().†).(....≈
.≈≈≈.......≈.().).........≈≈
≈≈≈≈≈(..).<.(.)......(.≈≈≈≈≈
≈≈≈≈≈≈≈≈.(..(........≈≈≈≈≈≈≈
≈≈≈≈≈≈.............≈≈≈≈≈≈≈≈≈
≈≈≈≈(.......(/....≈≈≈≈≈≈≈≈≈≈


You could see a kraken simulacrum (confused).

Vanquished Creatures
  Saint Roka (Orc:2)
  Arachne (Spider:4)
  Rupert (Orc:2)
  Gastronok (D:12)
  Kirke (D:12)
  An iron dragon (Depths:1)
  4 ghost moths
  3 emperor scorpions
  7 very ugly things (Depths:1)
  9 stone giants (Depths:1)
  3 entropy weavers
  A dire elephant (Lair:6)
  5 spark wasps (Spider:4)
  4 merfolk javelineers
  4 ettins
  A fire dragon (Depths:1)
  Josephine (D:13)
  A great orb of eyes (Depths:1)
  10 merfolk impalers
  A vault guard (D:13)
  9 centaur warriors
  Erolcha (D:12)
  11 hydras
  2 ice dragons (Depths:1)
  A rakshasa (Depths:1)
  Fannar (D:11)
  3 catoblepae
  A caustic shrike simulacrum (Depths:1)
  An alligator snapping turtle (Shoals:2)
  10 two-headed ogres
  3 merfolk aquamancers
  3 tengu warriors
  A deep troll earth mage (Depths:1)
  2 deep troll shamans
  A titan zombie (D:15)
  3 death yaks (Lair:6)
  2 satyrs
  Urug (D:11)
  An orc high priest (Orc:2)
  Nergalle (D:12)
  A skeletal warrior (D:15)
  A shadow wraith (D:13)
  A flayed ghost (Depths:1)
  An unseen horror (D:15)
  11 sea snakes
  4 deep trolls (Depths:1)
  A phantasmal warrior (D:15)
  9 harpies
  2 necromancers
  6 orc knights
  22 ugly things
  57 wolf spiders
  18 manticores
  4 orc sorcerers
  3 deep elf magi
  26 orb spiders
  5 slime creatures
  An oklob plant (Lair:1)
  7 fauns
  A moth of wrath (Spider:4)
  2 cyclopes
  3 water nymphs
  10 elephants (Lair:6)
  Maurice (Orc:1)
  10 merfolk sirens
  3 black mambas
  10 spiny frogs
  3 orange demons (D:13)
  A yaktaur zombie (D:15)
  2 torpor snails
  A smoke demon (Volcano)
  9 rime drakes
  A gargoyle (D:10)
  5 centaur skeletons
  2 molten gargoyles (Volcano)
  2 efreet
  A guardian mummy (D:15)
  6 yaktaurs (Depths:1)
  8 demonic crawlers
  2 red devils (Volcano)
  A troll (shapeshifter) (D:13)
  A merfolk (shapeshifter) (Depths:1)
  9 komodo dragons
  21 merfolk
  2 tengu conjurers (D:13)
  A queen bee (Lair:3)
  6 trolls
  4 polar bears
  9 hornets
  62 jumping spiders
  3 wind drakes
  8 dream sheep
  11 blink frogs
  A deep troll zombie (D:15)
  14 hippogriffs
  A fire giant simulacrum (Depths:1)
  5 snapping turtles
  92 redbacks
  A spriggan (D:7)
  10 water elementals
  The ghost of WhatIsLove the Slasher, an amateur VSMo (D:5)
  A shadow (D:12)
  26 tarantellas
  4 wraiths (D:13)
  A wyvern (Lair:4)
  6 hogs (D:12)
  36 yaks
  3 basilisks
  4 fire bats (Lair:2)
  Grum (Lair:1)
  3 fire elementals (Lair:2)
  6 hungry ghosts
  A basilisk (shapeshifter) (D:14)
  2 steam dragons
  2 wargs
  2 acid dragons (D:12)
  14 water moccasins
  A human zombie (Depths:1)
  A naga (shapeshifter) (Depths:1)
  A tengu skeleton (D:15)
  11 porcupines
  2 hell hounds (Volcano)
  33 orc warriors
  3 black bears
  3 ice beasts
  3 phantoms
  3 necrophages
  2 sky beasts
  13 ogres
  5 boggarts (Depths:1)
  18 wolves
  26 centaurs
  12 crocodiles
  6 big kobolds
  30 bullfrogs
  7 earth elementals (Depths:1)
  2 wyvern zombies
  A wyvern skeleton (D:8)
  8 scorpions
  A troll zombie (D:9)
  44 killer bees
  4 wights (D:6)
  9 howler monkeys
  8 jellies
  An electric eel (D:14)
  2 centaur zombies
  8 crimson imps
  2 lava snakes (Volcano)
  3 bullfrog zombies
  26 orc wizards
  22 orc priests
  5 bullfrog skeletons
  3 hounds
  4 iguanas
  10 worker ants
  5 ogre zombies (D:9)
  A hound zombie (D:5)
  A hound skeleton (D:7)
  A worker ant zombie (D:7)
  17 gnolls
  21 adders
  A shadow imp (D:8)
  15 oozes
  2 adder zombies
  5 adder skeletons
  4 worms
  3 dart slugs
  12 leopard geckos
  91 orcs
  8 giant cockroaches
  24 goblins
  17 hobgoblins
  8 jackals
  8 quokkas
  7 bats
  8 frilled lizards
  A goblin skeleton (D:9)
  A goblin zombie (D:9)
  A hobgoblin skeleton (D:9)
  2 hobgoblin zombies (D:9)
  A jackal skeleton (D:6)
  31 kobolds
  A leopard gecko skeleton (D:4)
  3 orc skeletons (D:9)
  11 orc zombies (D:9)
  5 rats
  A fungus (Lair:6)
  A plant (Shoals:2)
1417 creatures vanquished.

Vanquished Creatures (collateral kills)
  2 orc knights (Orc:2)
  6 orc warriors
  A wolf (Lair:1)
  An orc wizard (Orc:1)
  An orc priest (Orc:2)
  8 orcs
  4 goblins (Bailey)
  6 hobgoblins (Bailey)
29 creatures vanquished.

Vanquished Creatures (others)
  A merfolk aquamancer (Shoals:4)
  8 dancing weapons
  A human (D:12)
  A centaur (D:14)
  An orc (D:13)
  58 fungi
  30 plants
  4 toadstools (D:1)
  A withered plant (D:15)
105 creatures vanquished.

Grand Total: 1551 creatures vanquished

Notes
Turn   | Place    | Note
-------+----------+-------------------------------------------
     0 | D:1      | Bleys the Spriggan Enchanter began the quest for the Orb.
     0 | D:1      | Reached XP level 1. HP: 9/9 MP: 5/5
   458 | D:2      | Reached XP level 2. HP: 13/13 MP: 7/7
   462 | D:2      | Learned a level 2 spell: Ensorcelled Hibernation
  1224 | D:1      | Gained mutation: You are somewhat resistant to further mutation. [potion of mutation]
  1225 | D:1      | Lost mutation: You are somewhat resistant to further mutation. [potion of mutation]
  1225 | D:1      | Gained mutation: You are weak. (Str -2) [potion of mutation]
  1225 | D:1      | Gained mutation: You have large cloven feet. [potion of mutation]
  1573 | D:1      | Reached XP level 3. HP: 16/16 MP: 9/9
  1581 | D:1      | Learned a level 3 spell: Confuse
  1585 | D:1      | Learned a level 3 spell: Tukima's Dance
  2475 | D:2      | Reached skill level 5 in Hexes
  2659 | D:2      | Reached XP level 4. HP: 21/21 MP: 10/10
  2687 | D:2      | Reached skill level 5 in Stealth
  3046 | D:2      | Found a radiant altar of Vehumet.
  3494 | D:3      | Reached skill level 6 in Stealth
  3676 | D:2      | Reached skill level 7 in Stealth
  3676 | D:2      | Reached XP level 5. HP: 14/24 MP: 8/11
  4742 | D:3      | Found a faded altar of an unknown god.
  4752 | D:3      | Reached skill level 8 in Stealth
  5418 | D:3      | Reached XP level 6. HP: 28/28 MP: 12/12
  5816 | D:3      | Reached skill level 9 in Stealth
  7415 | D:4      | Reached skill level 10 in Stealth
  7497 | D:4      | Reached XP level 7. HP: 19/32 MP: 5/13
  7657 | D:4      | Reached skill level 11 in Stealth
  8411 | D:5      | Entered Level 5 of the Dungeon
  8412 | D:5      | Reached skill level 12 in Stealth
  8430 | D:5      | Found Zeixus's Jewellery Emporium.
  8469 | D:5      | Found a bloodstained altar of Trog.
  8510 | D:5      | Noticed WhatIsLove's ghost (amateur VSMo)
  8631 | D:5      | Killed WhatIsLove's ghost
  8784 | D:5      | Reached skill level 1 in Fighting
  8784 | D:5      | Reached XP level 8. HP: 32/37 MP: 6/15
 10189 | D:6      | Lost mutation: You have large cloven feet. [potion of mutation]
 10189 | D:6      | Lost mutation: You are weak. (Str -2) [potion of mutation]
 10189 | D:6      | Gained mutation: Your magical capacity is low. (-10% MP) [potion of mutation]
 10189 | D:6      | Gained mutation: You are agile. (Dex +2) [potion of mutation]
 10260 | D:6      | Found a staircase to the Ecumenical Temple.
 10272 | Temple   | Entered the Ecumenical Temple
 10278 | Temple   | Became a worshipper of Dithmenos the Shadowed
 10728 | D:6      | Reached skill level 13 in Stealth
 10756 | D:6      | Reached skill level 5 in Dodging
 10756 | D:6      | Reached skill level 5 in Spellcasting
 11127 | D:6      | Found a basalt altar of Yredelemnul.
 11468 | D:7      | Reached * piety under Dithmenos
 11497 | D:7      | Reached XP level 9. HP: 27/43 MP: 2/16
 11892 | D:7      | Found Tenum's Food Emporium.
 12306 | D:7      | Reached skill level 5 in Short Blades
 13007 | D:8      | Reached ** piety under Dithmenos
 13010 | D:8      | Found a staircase to the Lair.
 13028 | D:7      | Reached skill level 14 in Stealth
 13417 | D:8      | Reached XP level 10. HP: 49/49 MP: 13/18
 13499 | D:8      | Found a blossoming altar of Fedhas.
 13986 | D:8      | Found Joittoeng's Jewellery Boutique.
 14082 | D:7      | Found a glowing golden altar of the Shining One.
 14117 | D:8      | Found a sacrificial altar of Ru.
 14118 | D:8      | Found a burning altar of Makhleb.
 14177 | D:8      | Reached *** piety under Dithmenos
 14800 | D:8      | Found a deep blue altar of Sif Muna.
 14801 | D:8      | Noticed a two-headed ogre
 14803 | D:8      | Killed a two-headed ogre
 14816 | D:8      | Found an iron altar of Okawaru.
 14821 | D:8      | Noticed a two-headed ogre
 14857 | D:8      | Killed a two-headed ogre
 14994 | D:8      | Found an opulent altar of Gozag.
 15031 | D:8      | Found an ornate altar of the Wu Jian Council.
 15399 | D:9      | Found a staircase to the Orcish Mines.
 15476 | D:9      | Reached **** piety under Dithmenos
 16020 | D:9      | Reached XP level 11. HP: 49/54 MP: 21/21
 16026 | D:9      | Reached skill level 5 in Fighting
 16344 | D:9      | Noticed a two-headed ogre
 16353 | D:9      | Killed a two-headed ogre
 16353 | D:9      | Reached skill level 15 in Stealth
 16571 | D:9      | Found a snail-covered altar of Cheibriados.
 16717 | D:9      | Noticed a two-headed ogre
 16732 | D:9      | Killed a two-headed ogre
 16811 | D:10     | Entered Level 10 of the Dungeon
 16817 | D:10     | Lost mutation: Your magical capacity is low. (-10% MP) [potion of mutation]
 16817 | D:10     | Lost mutation: You are agile. (Dex +2) [potion of mutation]
 16817 | D:10     | Gained mutation: You are robust. (+10% HP) [potion of mutation]
 16817 | D:10     | Gained mutation: You have very sharp teeth. [potion of mutation]
 16832 | D:10     | Noticed a two-headed ogre
 16839 | D:10     | Killed a two-headed ogre
 16874 | D:10     | Noticed a two-headed ogre
 16887 | D:10     | Killed a two-headed ogre
 17100 | D:10     | Identified a scroll of acquirement
 17103 | D:10     | Got a smoking ivory ring
 17104 | D:10     | Identified the ring "Diac" {rCorr rPois rC- Int+8} (You acquired it on level 10 of the Dungeon)
 17318 | D:10     | Found a flagged portal.
 17325 | D:10     | Reached skill level 10 in Dodging
 17342 | Bailey   | Entered a bailey
 17685 | Bailey   | Learned a level 3 spell: Dazzling Spray
 17920 | Bailey   | Reached ***** piety under Dithmenos
 19013 | Bailey   | Noticed an orc warlord
 20314 | D:11     | Got a bloodstained cloak
 20320 | D:11     | Identified the +4 cloak of the Ancient Suns {Str+4 Dex+2} (You found it on level 11 of the Dungeon)
 20459 | D:11     | Noticed a six-headed hydra
 20463 | D:11     | Killed a six-headed hydra
 20463 | D:11     | Reached skill level 1 in Invocations
 20468 | D:11     | Noticed Fannar
 20474 | D:11     | Noticed a two-headed ogre
 20625 | D:10     | Killed a two-headed ogre
 20895 | D:11     | Reached XP level 12. HP: 67/67 MP: 23/26
 20947 | D:11     | Noticed Urug
 20964 | D:11     | Killed Urug
 20964 | D:11     | Reached skill level 10 in Hexes
 21305 | D:12     | Noticed Erolcha
 21307 | D:12     | Killed Erolcha
 21411 | D:12     | Reached skill level 16 in Stealth
 21619 | D:5      | Bought the ring "Uwosuit" {rF+ MR- MP+9 Str+10} for 558 gold pieces
 22419 | D:11     | Noticed a two-headed ogre
 22425 | D:11     | Killed a two-headed ogre
 22749 | D:12     | Noticed Nergalle
 22788 | D:12     | Noticed Gastronok
 22796 | D:12     | Killed Gastronok
 22842 | D:12     | Killed Nergalle
 22873 | D:12     | Reached skill level 10 in Spellcasting
 23016 | D:12     | Reached skill level 5 in Invocations
 23258 | D:12     | Noticed Kirke
 23786 | D:12     | Noticed an eight-headed hydra
 23812 | D:12     | Killed an eight-headed hydra
 24250 | D:12     | Reached XP level 13. HP: 62/73 MP: 19/28
 24374 | D:13     | Reached skill level 17 in Stealth
 24500 | D:13     | Noticed Josephine
 24522 | D:13     | Killed Josephine
 25807 | D:13     | Noticed an ettin
 25834 | D:13     | Killed an ettin
 25834 | D:13     | Reached ****** piety under Dithmenos
 27090 | D:13     | Found a gate to the Vaults.
 27297 | D:14     | Found a frozen archway.
 27462 | D:14     | Reached skill level 18 in Stealth
 28431 | D:12     | Killed Kirke
 28431 | D:12     | Reached XP level 14. HP: 80/80 MP: 31/31
 28679 | Lair:1   | Entered Level 1 of the Lair of Beasts
 28849 | Lair:1   | Noticed Grum
 28863 | Lair:1   | Killed Grum
 30559 | Lair:2   | Found a hole to the Spider Nest.
 32132 | Lair:3   | Learned a level 1 spell: Apportation
 32180 | Lair:3   | Reached skill level 19 in Stealth
 32203 | Lair:3   | Found a staircase to the Shoals.
 35588 | Lair:6   | Entered Level 6 of the Lair of Beasts
 35738 | Lair:6   | Found a dark tunnel.
 35748 | Volcano  | Entered a volcano
 35822 | Volcano  | Found a radiant altar of Vehumet.
 35950 | Volcano  | Reached XP level 15. HP: 86/86 MP: 33/33
 36059 | Lair:6   | Found a radiant altar of Vehumet.
 37041 | Lair:6   | Reached skill level 15 in Dodging
 37124 | Lair:6   | Found a viscous altar of Jiyva.
 37124 | Lair:6   | Found a staircase to the Slime Pits.
 37715 | Lair:6   | Reached skill level 20 in Stealth
 37951 | Orc:1    | Entered Level 1 of the Orcish Mines
 38048 | Orc:2    | Entered Level 2 of the Orcish Mines
 38077 | Orc:1    | Noticed Maurice
 38089 | Orc:1    | Killed Maurice
 38944 | Orc:2    | Noticed Saint Roka
 40159 | D:15     | Entered Level 15 of the Dungeon
 40361 | D:15     | Found a staircase to the Depths.
 40731 | D:15     | Reached skill level 10 in Fighting
 41558 | Depths:1 | Entered Level 1 of the Depths
 42331 | D:11     | Killed Fannar
 42921 | Orc:2    | Reached XP level 16. HP: 94/94 MP: 28/35
 43017 | Orc:2    | Found a roughly hewn altar of Beogh.
 43021 | Orc:2    | Found Iheow's Antique Weapon Shop.
 43054 | Orc:2    | Killed Saint Roka
 43153 | Orc:2    | Found Ylopetot's General Store.
 43158 | Orc:2    | Found Qeimua's Antique Armour Shop.
 43206 | Orc:2    | Found a staircase to the Elven Halls.
 43237 | Orc:2    | Noticed Rupert
 43258 | Orc:2    | Killed Rupert
 43332 | Orc:2    | Found Pair's Jewellery Shop.
 43716 | Orc:2    | Bought the +8 autumn katana {slice, Clar} for 1125 gold pieces
 43929 | D:15     | Upgraded the game from 0.20-a0-853-gabbfcfc to 0.20-a0-858-g654850e
 43965 | Depths:1 | Found a one-way gate leading to the halls of Pandemonium.
 44270 | Depths:1 | Reached skill level 21 in Stealth
 44432 | Depths:1 | Reached skill level 1 in Long Blades
 44571 | Depths:1 | Found a gateway to Hell.
 45063 | Depths:1 | Reached skill level 15 in Hexes
 45071 | Depths:1 | Noticed Asterion
 45888 | Depths:1 | Found a one-way gate to the infinite horrors of the Abyss.
 48515 | Depths:1 | Reached skill level 15 in Spellcasting
 48723 | Depths:1 | Reached XP level 17. HP: 66/100 MP: 8/37
 49281 | Shoals:1 | Entered Level 1 of the Shoals
 50028 | Shoals:1 | Learned a level 4 spell: Passage of Golubria
 50031 | Shoals:1 | Learned a level 2 spell: Shroud of Golubria
 51770 | Shoals:2 | Reached skill level 22 in Stealth
 53130 | Shoals:3 | Reached skill level 1 in Bows
 53506 | Shoals:4 | Entered Level 4 of the Shoals
 54235 | Spider:1 | Entered Level 1 of the Spider Nest
 54308 | Spider:1 | Reached skill level 5 in Bows
 55801 | Lair:2   | Reached skill level 5 in Long Blades
 57285 | Spider:2 | Reached XP level 18. HP: 105/105 MP: 38/38
 59535 | D:5      | Bought a +5 amulet of reflection for 453 gold pieces
 59535 | D:5      | Bought the amulet "Womot" {*Drain +Rage +Inv rElec rPois} for 655 gold pieces
 59732 | Spider:2 | Reached skill level 1 in Evocations
 60128 | Spider:3 | Reached skill level 5 in Evocations
 60413 | Spider:3 | Lost mutation: You are robust. (+10% HP) [potion of mutation]
 60413 | Spider:3 | Lost mutation: You have very sharp teeth. [potion of mutation]
 60413 | Spider:3 | Gained mutation: You are covered in fur. (AC +1) [potion of mutation]
 60413 | Spider:3 | Gained mutation: You are resistant to hostile enchantments. (MR+) [potion of mutation]
 61152 | Spider:4 | Entered Level 4 of the Spider Nest
 61209 | Spider:4 | Reached skill level 10 in Evocations
 62050 | Spider:4 | Noticed Arachne
 62298 | Spider:4 | Killed Arachne
 62768 | Spider:4 | Got a gossamer rune of Zot
 62993 | Spider:4 | Reached XP level 19. HP: 102/102 MP: 40/40
 63985 | Shoals:4 | Identified the Grimoire of Boosting Envenoming
 64004 | Shoals:4 | Learned a level 3 spell: Spectral Weapon
 64524 | Shoals:4 | Reached skill level 23 in Stealth
 64761 | Shoals:4 | Slain by a kraken simulacrum

Vault maps used:
D:1:      ldierk_walled_garden_2
D:2:      nicolae_overflow_crystal_walls, minivault_24, minmay_fountain_box
D:3:      chequers_ecumenical_altar_simple_redux, patterned_corridor
D:4:      first_bread
D:5:      kennysheep_little_box, serial_shops, nicolae_shop_crystal,
          st_stairs_6, lemuel_old_faithful
D:6:      lemuel_round_altar, minmay_temple_entry_large_hall, sword_in_stone
D:7:      nicolae_overflow_hidden_temple, serial_shops, shop, the_bakery
D:8:      fedhas_bush_and_centaur_altar, nicolae_overflow_quartered_altars,
          grunt_temple_overflow_open, due_lair_maze_entry_diamond, serial_shops,
          nicolae_shop_statue_plus
D:9:      kennysheep_mini, zombieorc1_lemuel
D:10:     enter_bailey_3
D:11:     uniq_fannar, uniq_urug
D:12:     uniq_kirke, uniq_gastronok, uniq_nergalle, uniq_erolcha
D:13:     david_vaults_4, einodemon_barbed_minivault, uniq_josephine
D:14:     hangedman_abyss_or_decor_lesser_grid, portal_ice_cave_rime,
          nrook_pool_corridor, minivault_11, minivault_25_ag, minivault_1
D:15:     gammafunk_depths_entry_grave, grunt_ministairs_4
Temple:   compressed_dpeg_circular_temple
Lair:1:   lemuel_slime, infiniplex_staircase_pool_2, uniq_grum
Lair:2:   nicolae_spider_entry_tight_spaces, nicolae_quartered_pool_super,
          lemuel_fruit_tree
Lair:3:   minmay_shoals_entry_beasts, special_room
Lair:4:   grunt_megastairs_3
Lair:5:   minmay_lair_drake_nest
Lair:6:   grunt_lair_end_beastmaster, slime_altar_1, basic_altar,
          lightli_volcano_entry_magma_tube
Shoals:4: shoals_end_grunt_ice, shoal_ilsuiw
Spider:1: special_room
Spider:3: nicolae_spider_mines_1, spider_trap
Spider:4: johnstein_spider_rune_arachne_lair
Orc:1:    uniq_maurice
Orc:2:    grunt_orc_cross, uniq_rupert
Depths:1: pan_entry, abyss_entry, minmay_crystal_water,
          grunt_hell_entry_dis_old, mu_enter_wizlab_1, serial_bayou_pond_d,
          minmay_misc_feat_plants, dk_noncrumbling_3, grunt_ministairs_2,
          st_stairs_7, serial_bayou_pond_d, kennysheep_diamond,
          hangedman_cracks_in_the_wall, uniq_asterion
Depths:2: grunt_deathspiral_small, hell_entry, minmay_misc_feat_columns
Bailey:   bailey_axe_minmay_hex_keep, bailey
Volcano:  volcano_lake

Skill      XL: |  1  2  3  4  5  6  7  8  9 10 11 12 13 14 15 16 17 18 19 |
---------------+----------------------------------------------------------+-----
Spellcasting   | 3 4 5 6 8 9 10 12 13 14 15 16 | 16.3
Hexes          | 4 5 6 7 8 9 11 12 13 14 15 16 | 16.8
Stealth        | 7 8 10 12 13 14 15 16 18 19 20 21 22 23 | 23.0
Fighting       | 1 2 3 4 6 7 8 9 10 11 12 | 12.0
Short Blades   | 2 3 5 7 8 |  8.0
Dodging        | 5 7 9 10 11 13 14 15 16 17 18 | 18.5
Invocations    | 2 5 |  5.0
Long Blades    | 3 5 6 |  6.7
Bows           | 6 7 |  7.0
Evocations     | 10 | 10.0

Action                   |  1- 3 |  4- 6 |  7- 9 | 10-12 | 13-15 | 16-18 | 19-21 || total
-------------------------+-------+-------+-------+-------+-------+-------+-------++-------
Melee: Dagger            |    99 |   163 |   434 |   766 |  1375 |  1058 |    96 ||  3991
       Kick              |     7 |    23 |    17 |       |       |       |       ||    47
       Bite              |       |       |       |    59 |   230 |   120 |       ||   409
       Katana            |       |       |       |       |       |    19 |     6 ||    25
       Rapier            |       |       |       |       |       |       |     6 ||     6
 Fire: Shortbow          |       |       |       |       |       |    21 |       ||    21
 Cast: Corona            |     2 |     2 |       |       |       |       |       ||     4
       Ensorcelled Hiber |    12 |    76 |    53 |    87 |   164 |   230 |    10 ||   632
       Tukima's Dance    |       |     1 |     2 |    22 |    30 |     2 |       ||    57
       Confuse           |       |     3 |    25 |    56 |   177 |   274 |     4 ||   539
       Dazzling Spray    |       |       |       |     4 |    22 |   102 |     7 ||   135
Invok: Shadow Step       |       |       |       |     3 |       |     2 |       ||     5
 Abil: Evoke Invisibilit |       |       |       |       |       |    12 |     4 ||    16
Evoke: Wand              |       |       |     1 |     3 |     7 |     2 |       ||    13
  Use: Potion            |     5 |     1 |     3 |     4 |     8 |     7 |       ||    28
       Scroll            |     6 |     5 |    10 |     4 |    18 |    15 |     1 ||    59
 Stab: Sleeping          |    21 |    55 |    43 |    89 |   198 |   231 |    11 ||   648
       Distracted        |       |     1 |     4 |    11 |     9 |     5 |       ||    30
       Confused          |       |     1 |    13 |    38 |    88 |   144 |     2 ||   286
       Invisible         |       |       |       |     3 |     5 |    67 |    18 ||    93
       Petrifying        |       |       |       |       |       |     3 |       ||     3
       Held in net/web   |       |       |       |       |       |     1 |       ||     1
  Eat: Royal jelly       |       |     4 |     3 |     1 |     4 |     9 |     2 ||    23
       Fruit             |       |       |     2 |     5 |    13 |     5 |       ||    25
       Bread ration      |       |       |       |     1 |       |       |       ||     1
Armor: Robe              |    14 |    23 |    16 |    23 |    77 |    49 |     1 ||   203
       Skin              |       |       |    11 |       |    16 |       |       ||    27
Dodge: Dodged            |    75 |   124 |   326 |   588 |  1170 |  1231 |    91 ||  3605
       Rpst.: Katana     |       |       |       |       |       |     2 |     1 ||     3
